 Dungeon Crawl Stone Soup version 0.27.1-3-gb3d3a73c9e (webtiles) character file.

Game seed: 5203265681678701106

5 CuBeRJAN3 the Skirmisher (level 1, 14/14 HPs)
             Began as a Gargoyle Fighter on Oct 28, 2021.
             Quit the game on level 1 of the Dungeon.
             The game lasted 00:00:30 (395 turns).

CuBeRJAN3 the Skirmisher (Gargoyle Fighter)          Turns: 395, Time: 00:00:31

Health: 14/14      AC: 12    Str: 19    XL:     1   Next: 80%
Magic:  1/1        EV:  7    Int:  8    God:
Gold:   0          SH:  9    Dex:  9    Spells: 0/0 levels left

rFire    . . .     SeeInvis .   a - +0 flail
rCold    . . .     Faith    .   c - +0 kite shield
rNeg     + . .     Spirit   .   b - +0 scale mail
rPois    ∞         Reflect  .   (no helmet)
rElec    +         Harm     .   (no cloak)
rCorr    .         Rampage  .   (no gloves)
Will     .....                  e - +2 pair of boots
Stlth    ..........             (no amulet)
HPRegen  0.04/turn              (no ring)
MPRegen  0.07/turn              (no ring)

@: no status effects
A: sickness immunity, AC +2, negative energy resistance 1, electricity
resistance, torment resistance 1, petrification resistance
a: no special abilities


You were on level 1 of the Dungeon.
You visited 1 branch of the dungeon, and saw 1 of its levels.

Inventory:

Hand Weapons
 a - a +0 flail (weapon)
Armour
 b - a +0 scale mail (worn)
 c - a +0 kite shield (worn)
 e - a +2 pair of boots (worn)
Potions
 d - a potion of might


   Skills:
 * Level 3.4 Fighting
 * Level 2.1 Maces & Flails
 + Level 3.3 Armour
 + Level 3.3 Shields


You couldn't memorise any spells.
You didn't know any spells.
Your spell library contained the following spells:

 Spells                   Type           Power      Damage    Failure   Level
 Corona                   Hex            0%         N/A       99%         1
 Ensorcelled Hibernation  Hex/Ice        0%         N/A       100%        2
 Tukima's Dance           Hex            0%         N/A       100%        3


Dungeon Overview and Level Annotations

Branches:
Dungeon (1/15)

Altars:

Shops:
D:1 *


Innate Abilities, Weirdness & Mutations

You are immune to sickness and miasma.
Your stone body is resilient. (AC +2)
You are immune to poison.
You resist negative energy. (rN+)
You are resistant to electric shocks. (rElec)
You are resistant to unholy torment.
You are immune to petrification.


Message History

You start waiting.
Done waiting.
You open the door.
There is an open door here.
You block the dart slug's attack.
You sock the dart slug!
The dart slug is almost dead.
The dart slug launches a dart at you. The slug dart hits you.
You sock the dart slug!
You kill the dart slug!
You pick up a book of Maledictions and begin reading...
You add the spells Corona, Ensorcelled Hibernation and Tukima's Dance to your library.
You start resting.
HP restored.
A bat comes into view.
Found a stone staircase leading down.
You miss the bat. The bat hits you but does no damage.
You closely miss the bat. You block the bat's attack.
The bat hits you but does no damage.
You closely miss the bat. The bat closely misses you.
The bat hits you but does no damage.
You sock the bat!
You kill the bat!
Found Dodwar's General Store.
There is a stone staircase leading down, spattered with blood here.
A hobgoblin comes into view.
The hobgoblin shouts!
You block the hobgoblin's attack.
You sock the hobgoblin!
You kill the hobgoblin!
You see here a hobgoblin corpse.
You open the door.
There is an entrance to Dodwar's General Store here.
A goblin comes into view. It is wielding a +0 dagger.
The goblin shouts!
A goblin is nearby!
Assign waypoint to what number? (0-9)
Okay, then.
Are you sure you want to abandon this character and quit the game? (Confirm with "yes".)

.........#
.........##### .......
.............# .....g.
##.......###.# .......
....#.#....#.# .......
##..#.####.#.# .......
##..#......#.####.......
........................
...............#@.......
##.######...........####
#............#.....#
########.....#.....#
#.....#.####...
#####.#.. ... #.##. ...
#.# .. .. #.# #.


You could see a goblin.

Vanquished Creatures
  A dart slug (D:1)
  A bat (D:1)
  A hobgoblin (D:1)
3 creatures vanquished.

Notes
Turn   | Place    | Note
-------+----------+-------------------------------------------
     0 | D:1      | CuBeRJAN3 the Gargoyle Fighter began the quest for the Orb.
     0 | D:1      | Reached XP level 1. HP: 14/14 MP: 1/1
   333 | D:1      | Found Dodwar's General Store.
   395 | D:1      | Quit the game

Illustrated notes

Levels and vault maps discovered:
D:1:      dpeg_chamrin_arrival_tetris, layout_basic, serial_shops,
          shop_fountains, serial_bayou_pond_e

Action                   || total
-------------------------++-------
Melee: Flail             ||     7
Armor: Scale mail        ||     4
Dodge: Dodged            ||     1
Block: Kite shield       ||     3
